 Dungeon Crawl Stone Soup version 0.29.0-4-gdea44cf6ec (webtiles) character file.

Game seed: 18395408543437970324

41 qw the Chopper (level 3, -1/21 HPs)
             Began as a Tengu Warper on Aug 28, 2022.
             Slain by Ijyb
             ... wielding a +0 club
              (3 damage)
             ... on level 2 of the Dungeon.
             The game lasted 00:00:05 (777 turns).

qw the Chopper (Tengu Warper)                        Turns: 777, Time: 00:00:06

Health: -1/21      AC:  3    Str: 13    XL:     3   Next: 52%
Magic:  7/7        EV: 12    Int: 13    God:
Gold:   32         SH:  0    Dex: 13    Spells: 6/6 levels left

rFire   . . .      SeeInvis .   a - +0 hand axe
rCold   . . .      Faith    .   (no shield)
rNeg    . . .      Spirit   .   b - +0 leather armour
rPois   .          Reflect  .   (helmet restricted)
rElec   .          Harm     .   (no cloak)
rCorr   .          Rampage  .   (no gloves)
Will    .....                   (boots unavailable)
Stlth   +.........              (no amulet)
HPRegen 0.07/turn               (no ring)
MPRegen 0.10/turn               (no ring)

@: no status effects
A: beak, talons 3
a: no special abilities


You were on level 2 of the Dungeon.
You visited 1 branch of the dungeon, and saw 2 of its levels.

You collected 32 gold pieces.


Innate Abilities, Weirdness & Mutations

You have a beak for a mouth.
You have claws for feet.


   Skills:
 - Level 2.0 Fighting
 + Level 4.2 Axes
 - Level 1.0 Throwing
 - Level 1.1 Armour
 - Level 2.1 Dodging
 - Level 2.0 Spellcasting
 - Level 2.4 Translocations


You had 6 spell levels left.
You didn't know any spells.
Your spell library contained the following spells:

 Spells                   Type           Power      Damage    Failure   Level
 Blink                    Tloc           14%        N/A       19%         2
 Gell's Gravitas          Tloc           7%         N/A       36%         3
 Lesser Beckoning         Tloc           7%         N/A       36%         3
 Teleport Other           Tloc           7%         N/A       36%         3
 Manifold Assault         Tloc           7%         N/A       98%         5

Inventory:

Hand Weapons
 a - a +0 hand axe (weapon)
 m - a +0 whip
Armour
 b - a +0 leather armour (worn)
 j - a +0 scale mail
 k - a +0 plate armour
Scrolls
 c - a scroll of blinking
 d - a scroll of teleportation {unknown}
 e - a scroll of enchant weapon {unknown}
 f - a scroll of noise {unknown}
 g - 2 scrolls of identify {unknown}
 h - a scroll of immolation {unknown}
 i - a scroll of enchant armour {unknown}
 n - a scroll of vulnerability {unknown}
Potions
 l - a potion of ambrosia {unknown}

Dungeon Overview and Level Annotations

Branches:
Dungeon (2/15)

Altars:

Shops:
D:1 *

Annotations:
D:2 Ijyb


Message History

HP restored.
Items here: % )))) =.
Found a ring mail.
n - a scroll labelled SEQAAS BOLOIR An endoplasm comes into view.
Found a stone staircase leading down.
Enter note: The endoplasm quivers.
You hit the endoplasm. You claw the endoplasm.
You kill the endoplasm!
Ijyb the Twisted Goblin comes into view.
She is wielding a +0 club and wearing a +3 leather armour of fire resistance.
Ijyb shouts!
You hear a shout!
You hit Ijyb but do no damage. Ijyb hits you with a +0 club.
You closely miss Ijyb. Your peck misses Ijyb. Ijyb hits you with a +0 club!
You barely miss Ijyb. You claw Ijyb.
Ijyb is lightly wounded.
Ijyb hits you but does no damage.
You completely miss Ijyb. You claw Ijyb, but do no damage.
Ijyb is lightly wounded.
Ijyb screams, "I cut your head off!" Ijyb hits you with a +0 club.
You miss Ijyb.
Ijyb is lightly wounded.
Ijyb hits you with a +0 club. Ijyb barely misses you.
You hit Ijyb. You claw Ijyb, but do no damage. Your peck misses Ijyb.
Ijyb is moderately wounded.
Ijyb completely misses you.
You hit Ijyb but do no damage.
Ijyb is moderately wounded.
A kobold comes into view. It is wielding a +0 short sword.
Ijyb barely misses you.
You hit Ijyb. You claw Ijyb. Your peck misses Ijyb.
Ijyb is heavily wounded.
Ijyb hits you with a +0 club.
You barely miss Ijyb.
Ijyb is heavily wounded.
Ijyb hits you with a +0 club.
You die...

#.. .#... ..... #
......#######.####
.......g@..K......
..............>...
..................
.........##.......
..................
...........##.####
#........##.# .# .
..#.# ...##....#.#
. . ..#.#
#.#........# ##


You could see Ijyb and a kobold.

Vanquished Creatures
  2 ball pythons (D:1)
  A bat (D:1)
  5 endoplasms
  3 giant cockroaches
  9 goblins
  5 hobgoblins (D:1)
  3 jackals (D:1)
  3 rats (D:1)
31 creatures vanquished.

Notes
Turn   | Place    | Note
-------+----------+-------------------------------------------
     0 | D:1      | qw the Tengu Warper began the quest for the Orb.
     0 | D:1      | Reached XP level 1. HP: 12/12 MP: 4/4
     0 | D:1      | 0 ||| qw: Version: 0.1-a-89-g26bdef1
     0 | D:1      | 0 ||| qw: Game counter: 1222
     0 | D:1      | 0 ||| qw: Always use a shield: true
     0 | D:1      | 0 ||| qw: God list: Okawaru
     0 | D:1      | 0 ||| qw: Allow faded altars: false
     0 | D:1      | 0 ||| qw: Do Orc after D:15 true
     0 | D:1      | 0 ||| qw: Do second Lair branch before Depths: true
     0 | D:1      | 0 ||| qw: Lair rune preference: random
     0 | D:1      | 0 ||| qw: Plans: Normal
     0 | D:1      | 0 ||| PLANNING D:1-11
    69 | D:1      | Reached XP level 2. HP: 17/17 MP: 6/6
    82 | D:1      | Reached skill level 3 in Axes
   486 | D:1      | Reached XP level 3. HP: 21/21 MP: 7/7
   486 | D:1      | Found Cirio's General Store.
   504 | D:1      | 504 ||| SHOPLISTING +0 mace (36 gold, have 32).
   504 | D:1      | 504 ||| SHOPLISTING potion of curing (36 gold, have 32).
   504 | D:1      | 504 ||| SHOPLISTING potion of might (48 gold, have 32).
   584 | D:1      | 584 ||| Stepping ~*~*~tactically~*~*~ (stealth).
   600 | D:1      | 600 ||| DROPPING +0 club.
   634 | D:1      | Found a faded altar of an unknown god.
   639 | D:1      | 639 ||| Stepping ~*~*~tactically~*~*~ (stealth).
   643 | D:1      | You fall into a shaft and drop 1 floor!
   656 | D:2      | Reached skill level 4 in Axes
   766 | D:2      | Noticed Ijyb
   773 | D:2      | HP: 5/21 [Ijyb/+0 club (2)]
   776 | D:2      | HP: 2/21 [Ijyb/+0 club (3)]
   777 | D:2      | Slain by Ijyb

Levels and vault maps discovered:
D:1:      kennysheep_arrival_forest, layout_basic,
          shapermc_ecumenical_altar_venn, serial_shops, nicolae_shop_stone,
          minivault_24, minmay_misc_feat_rows
D:2:      kennysheep_the_goblin_king, layout_basic, minmay_worlds_worst_comb

Skill      XL: |  1  2  3 |
---------------+----------+-----
Axes           | 3 4 |  4.2
Fighting       | |  2.0
Throwing       | |  1.0
Armour         | |  1.1
Dodging        | |  2.1
Spellcasting   | |  2.0
Translocations | |  2.4

Action                   || total
-------------------------++-------
Melee: Hand axe          ||    56
       Kick              ||    18
       Peck              ||     6
Throw: Boomerang         ||     7
Armor: Leather armour    ||    15
Dodge: Dodged            ||    16

Table legend:
 A = Non-vault XP
 B = Vault XP
 C = Vault XP percentage of total XP
 D = Non-vault monster count
 E = Vault monster count
 F = Vault count percentage of total count
                 A         B        C        D         E       F
            +---------+---------+-------+---------+---------+-------
      Total |      47 |      12 |  20.3 |      25 |       6 |  19.4
            +---------+---------+-------+---------+---------+-------
        D:1 |      39 |       0 |   0.0 |      21 |       0 |   0.0
        D:2 |       8 |      12 |  60.0 |       4 |       6 |  60.0
            +---------+---------+-------+---------+---------+-------
